 Dungeon Crawl Stone Soup version 0.27-a0-1090-gb115f176c6 (console) character file.

Game seed: 3943708981117300152

17910 nht the Demolition Demonspawn (level 12, 0/91 HPs)
             Began as a Demonspawn Artificer on Apr 27, 2021.
             Was an Elder of Makhleb.
             Shot with an arrow by a centaur (7 damage)
             ... in a volcano.
             The game lasted 00:22:54 (12533 turns).

nht the Demolition Demonspawn (DsAr)               Turns: 12533, Time: 00:22:55

Health: 0/91       AC: 18    Str: 13    XL:     12   Next: 23%
Magic:  0/22       EV:  9    Int: 27    God:    Makhleb [****..]
Gold:   160        SH:  0    Dex: 18    Spells: 7/11 levels left

rFire    . . .     SeeInvis .   s - +4 demon blade (elec)
rCold    . . .     Faith    .   (no shield)
rNeg     . . .     Spirit   +   k - +4 scale mail {rPois}
rPois    +         Reflect  .   b - +1 hat {Int+3}
rElec    .         Harm     .   E - +0 cloak
rCorr    .         Rampage  .   u - +2 pair of gloves {Dex+3}
Will     .....     Clarity  +   (no boots)
Stlth    ..........             r - amulet of magic regeneration
HPRegen  0.25/turn              F - +6 ring of intelligence
MPRegen  0.61/turn              (no ring)

@: very slightly contaminated, invisible
A: talons 1, yellow scales 2, powered by death 1, magic shield, magic
regeneration, magic link, horns 1, agile 1, clarity
a: Renounce Religion, Minor Destruction, Lesser Servant of Makhleb, Major
Destruction


You were in a volcano.
You worshipped Makhleb.
Makhleb was greatly pleased with you.
You visited 2 branches of the dungeon, and saw 12 of its levels.
You also visited: Volcano.

You collected 636 gold pieces.
You spent 476 gold pieces at shops.

Inventory:

Hand Weapons
 a - the +1 war axe of Discretion {drain, Dex+4}
   (You bought it in a shop on level 1 of the Dungeon)

   A truly terrible weapon, it drains the life of those it strikes.
   It affects your dexterity (+4).
 s - a +4 demon blade of electrocution (weapon)
 w - the +4 trident of Koyruus {protect, SInv}
   (You bought it in a shop on level 1 of the Dungeon)

   It grants its wielder temporary protection when it strikes (+7 to AC).
   It lets you see invisible.
Missiles
 n - 18 boomerangs
 v - 28 poisoned darts
 y - a curare-tipped dart
 D - 7 silver javelins
Armour
 b - a +1 hat of intelligence (worn)
 f - a +2 leather armour of fire resistance
 k - a +4 scale mail of poison resistance (worn)
 u - a +2 pair of gloves of dexterity (worn)
 x - a +0 troll leather armour
 E - a +0 cloak (worn)
Jewellery
 i - an amulet of reflection
 r - an amulet of magic regeneration (around neck)
 F - a +6 ring of intelligence (left hand)
Wands
 p - a wand of flame (34)
 A - a wand of mindburst (11)
 B - a wand of acid (4)
Scrolls
 c - a scroll of silence
 h - 3 scrolls of brand weapon
 o - 4 scrolls of teleportation
 C - a scroll of amnesia
Potions
 d - a potion of haste
 g - 5 potions of curing
 j - a potion of lignification
 l - a potion of invisibility
 m - 2 potions of attraction
 q - a potion of heal wounds
 z - a potion of ambrosia
Miscellaneous
 e - a piece from Xom's chessboard (9/15)
 t - a tin of tremorstones (1/2)


   Skills:
 - Level 7.0 Fighting
 + Level 8.0 Long Blades
 - Level 1.7 Armour
 - Level 0.8 Dodging
 - Level 0.8 Stealth
 - Level 11.0 Hexes
 - Level 14.0 Invocations
 - Level 7.0 Evocations


You had 7 spell levels left.
You knew the following spells:

 Your Spells              Type           Power      Damage    Failure   Level
a - Corona                Hex            62%        N/A       1%          1
b - Confusing Touch       Hex            56%        N/A       1%          3

Your spell library contained the following spells:

 Spells                   Type           Power      Damage    Failure   Level
 Tukima's Dance           Hex            56%        N/A       1%          3
 Ensorcelled Hibernation  Hex/Ice        58%        N/A       9%          2
 Dazzling Flash           Conj/Hex       58%        N/A       17%         3
 Animate Skeleton         Necr           0%         N/A       50%         1
 Apportation              Tloc           0%         N/A       50%         1
 Beastly Appendage        Tmut           0%         N/A       50%         1
 Summon Small Mammal      Summ           0%         N/A       50%         1
 Wereblood                Tmut           0%         N/A       63%         2
 Spider Form              Tmut/Pois      0%         N/A       86%         3
 Ice Form                 Ice/Tmut       0%         N/A       99%         4
 Hydra Form               Tmut           0%         N/A       100%        5
 Summon Forest            Summ/Tloc      0%         N/A       100%        5
 Simulacrum               Ice/Necr       0%         N/A       100%        6
 Malign Gateway           Summ/Tloc      0%         N/A       100%        7


Dungeon Overview and Level Annotations

Branches:
Dungeon (11/15)            Temple (0/1) D:5            Lair (1/6) D:10
    Orc (0/2) D:11        Volcano (1/1)

Altars:
Cheibriados
Dithmenos
Fedhas
Gozag
Makhleb
Nemelex Xobeh
Okawaru
Qazlal
Yredelemnul
Zin

Shops:
D:1 [(   D:3 *   D:8 (

Annotations:
D:11 exclusion: moth of wrath


Innate Abilities, Weirdness & Mutations

You have sharp toenails.
You are mostly covered in yellow scales. (AC +3)
You regenerate a little health from kills.
When hurt, damage is shared between your health and your magic reserves.
You regenerate magic rapidly.
When low on magic, you restore magic in place of health.
You have a pair of small horns on your head.
You are agile. (Dex +2)
You possess an exceptional clarity of mind.


Message History

The fireball engulfs you!! The hell hound barely misses you.
Unknown command.
The hell hog squeals angrily.
You slash the hell hog! You claw the hell hog.
The hell hog is heavily wounded.
The hell hog bites you.
The hell hound bites you but does no damage.
Unknown command.
You hit the hell hog but do no damage.
Lightning courses through the hell hog!!
You claw the hell hog. You headbutt the hell hog.
The hell hog is almost dead.
The hell hog bites you.
* * * LOW HITPOINT WARNING * * *
The hell hound bites you.
* * * LOW HITPOINT WARNING * * *
The hell hog bites you!
* * * LOW HITPOINT WARNING * * *
You slash the hell hog!
Lightning courses through the hell hog!!
You kill the hell hog!
Makhleb accepts your kill.
You feel better. The hell hound barely misses you.
The centaur shoots an arrow.
The arrow hits you but does no damage. The hell hound barely misses you.
Your piece from Xom's chessboard (9/15) has regained one charge.
Your tin of tremorstones (1/2) has regained one charge.
Your Long Blades skill increases to level 8!
You hit the hell hound.
The hell hound is lightly wounded.
The air gets thick with the scent of sulphur.
The centaur shoots an arrow.
The arrow completely misses you. The hell hound closely misses you.
Unknown command.
You barely miss the hell hound.
The centaur shoots an arrow.
The arrow barely misses you. The hell hound breathes flames at you.
The blast of flame hits you!!
* * * LOW HITPOINT WARNING * * *
The centaur shoots an arrow.
The arrow hits you!
You die...

≈≈≈≈≈≈≈≈§§≈≈≈≈§§≈█≈§§≈≈█§≈§≈≈█≈█≈
█≈§§█≈§≈§≈≈≈§§§§█≈≈≈≈§≈≈§§§≈§≈≈§█
≈≈≈§≈≈§§≈≈§§≈§≈§≈§§§§≈≈≈≈≈§§§≈≈≈≈
≈§≈≈≈≈§§≈§≈≈≈§§§≈§§§≈≈≈§≈§§§≈≈≈≈≈
§§≈≈§§§≈≈≈§§≈≈≈≈≈§§§≈≈≈§≈≈≈§≈≈≈≈≈
≈≈§§.≈§≈≈≈.§.§≈§§≈.§≈≈≈§§§§≈≈≈§§§
≈§≈≈≈≈§§..≈≈≈≈.≈.≈.§≈≈..§§§..§≈§≈
██§§........................§█
██....█████...██@██...█████...███
█'█..██ ██.██†)h██.██ ██..██.
█.█..█ █.█.....█.█ █..█.█ █.█..█
█.█$..c.█.█ █..█.█ .██..██
██.██...██.██ ██..█'█
███...██+██...█████...██+██....██
█....^^^....................██
≈≈≈≈≈≈≈≈≈.≈≈≈≈≈≈.≈....≈.≈≈.○.≈≈≈≈
≈≈°≈.≈.≈≈≈.≈.≈.≈≈≈.≈≈≈≈≈≈≈.○.≈≈≈≈


You could see a hell hound (catching breath) and a centaur.

Vanquished Creatures
  Gastronok (D:9)
  A hydra (D:9)
  A catoblepas (D:11)
  4 two-headed ogres
  Urug (D:10)
  A hell hog (Volcano)
  A skeletal warrior (D:9)
  An ugly thing (D:9)
  Joseph (D:8)
  A centaur zombie (D:9)
  A gargoyle (D:11)
  An unseen horror (D:11)
  3 orc warriors
  2 hornets
  A troll (D:10)
  5 blink frogs (Lair:1)
  2 ogres
  2 wraiths (D:11)
  A shadow (D:9)
  9 yaks (D:11)
  A wyvern (D:8)
  Sigmund (D:3)
  Grum (D:8)
  3 vampire mosquitoes (D:11)
  Edmund (D:6)
  An acid dragon (D:11)
  2 water moccasins
  Duvessa (D:6)
  An ice beast (D:4)
  2 black bears
  2 wolves (D:8)
  2 sky beasts (D:6)
  4 centaurs
  2 phantoms
  2 kobold brigands
  3 bullfrogs
  A gnoll sergeant (D:10)
  2 scorpions
  A water moccasin zombie (D:6)
  A water moccasin skeleton (D:6)
  Dowan (D:6)
  3 wights (D:10)
  14 killer bees
  7 howler monkeys
  An electric eel (D:7)
  2 hounds
  3 centaur skeletons
  A jelly (D:8)
  3 orc priests
  Jessica (D:2)
  4 iguanas
  4 orc wizards
  Ijyb (D:3)
  9 gnolls
  7 adders
  A shadow imp (D:8)
  2 white imps
  2 ufetubi (D:5)
  An adder skeleton (D:4)
  2 worms
  A dart slug (D:4)
  17 orcs
  6 bats
  3 endoplasms
  5 giant cockroaches
  6 hobgoblins
  6 jackals
  3 quokkas
  4 ball pythons
  7 frilled lizards
  5 goblins
  22 kobolds
  4 rats
232 creatures vanquished.

Vanquished Creatures (collateral kills)
  A two-headed ogre (D:4)
  An ice beast (D:6)
  A howler monkey (D:6)
  A centaur skeleton (D:7)
  2 orc wizards
  A howler monkey zombie (D:7)
  4 orcs
  A goblin (D:1)
  A ball python (D:4)
  A kobold (D:4)
14 creatures vanquished.

Vanquished Creatures (others)
  A hornet (D:4)
  A howler monkey (D:4)
  2 hounds (D:4)
  An adder (D:4)
  An orc (D:4)
  A giant cockroach (D:3)
  6 plants (D:2)
13 creatures vanquished.

Grand Total: 259 creatures vanquished

Notes
Turn   | Place    | Note
-------+----------+-------------------------------------------
     0 | D:1      | nht the Demonspawn Artificer began the quest for the Orb.
     0 | D:1      | Reached XP level 1. HP: 15/15 MP: 1/1
    18 | D:1      | Found Lyp Dygu's Antique Weapon Boutique.
    94 | D:1      | Found Cudumi's Antique Armour Shoppe.
    96 | D:1      | Gained mutation: You are partially covered in yellow
                  | scales. (AC +2) [demonic ancestry]
    96 | D:1      | Reached XP level 2. HP: 21/21 MP: 2/2
   819 | D:3      | Gained mutation: You regenerate a little health from kills.
                  | [demonic ancestry]
   819 | D:3      | Reached XP level 3. HP: 3/26 MP: 3/3
  1425 | D:2      | Noticed Jessica
  1528 | D:3      | Found Zin's Purification Station.
  1610 | D:3      | Found a sparkling altar of Nemelex Xobeh.
  1700 | D:3      | Found a burning altar of Makhleb.
  1742 | D:3      | Became a worshipper of Makhleb the Destroyer
  1746 | D:3      | Noticed Ijyb
  1769 | D:3      | Killed Ijyb
  1770 | D:3      | Reached skill level 5 in Evocations
  1770 | D:3      | Gained mutation: You regenerate magic rapidly. [demonic
                  | ancestry]
  1770 | D:3      | Reached XP level 4. HP: 7/32 MP: 4/4
  1777 | D:3      | HP: 1/32 [poisoned by Ijyb]
  2099 | D:3      | Noticed Sigmund
  2115 | D:3      | Killed Sigmund
  2116 | D:3      | Reached XP level 5. HP: 37/37 MP: 5/5
  2125 | D:3      | Found an iron altar of Okawaru.
  2680 | D:2      | Killed Jessica
  2681 | D:2      | Reached XP level 6. HP: 43/43 MP: 6/6
  3417 | D:4      | Reached skill level 1 in Invocations
  3466 | D:4      | Noticed a two-headed ogre
  3466 | D:4      | Noticed a hornet
  3466 | D:4      | Noticed an ice beast
  3478 | D:4      | Killed an ice beast
  3479 | D:4      | Reached skill level 2 in Invocations
  3521 | D:4      | Killed a two-headed ogre
  3522 | D:4      | Reached skill level 5 in Invocations
  3522 | D:4      | Gained mutation: When hurt, damage is shared between your
                  | health and your magic reserves. [demonic ancestry]
  3522 | D:4      | Reached XP level 7. HP: 53/54 MP: 7/10
  3560 | D:4      | Killed an ogre
  3800 | D:4      | Found a snail-covered altar of Cheibriados.
  3841 | D:5      | Entered Level 5 of the Dungeon
  3916 | D:5      | Reached skill level 6 in Invocations
  3916 | D:5      | Gained mutation: You have sharp toenails. [demonic
                  | ancestry]
  3916 | D:5      | Reached XP level 8. HP: 61/61 MP: 12/12
  3927 | D:5      | Reached skill level 5 in Fighting
  4100 | D:5      | Reached * piety under Makhleb
  4137 | D:5      | Found a staircase to the Ecumenical Temple.
  4242 | D:5      | Reached skill level 7 in Invocations
  5020 | D:1      | Bought a crystal war axe for 238 gold pieces
  5020 | D:1      | Identified the +1 war axe of Discretion {drain, Dex+4} (You
                  | bought it in a shop on level 1 of the Dungeon)
  5308 | D:6      | Reached skill level 8 in Invocations
  5466 | D:6      | Noticed Duvessa
  5466 | D:6      | Noticed Dowan
  5570 | D:6      | Killed an orc warrior
  5702 | D:6      | Reached skill level 9 in Invocations
  5702 | D:6      | Gained mutation: You are mostly covered in yellow scales.
                  | (AC +3) [demonic ancestry]
  5702 | D:6      | Reached XP level 9. HP: 72/72 MP: 15/15
  5715 | D:6      | Learned a level 1 spell: Corona
  5725 | D:6      | Reached skill level 1 in Hexes
  5758 | D:6      | Found a shadowy altar of Dithmenos.
  5765 | D:6      | Found a stormy altar of Qazlal.
  5776 | D:6      | Noticed Edmund
  5788 | D:6      | Killed Edmund
  6011 | D:6      | Killed Dowan
  6053 | D:6      | Killed Duvessa
  6054 | D:6      | Reached skill level 5 in Hexes
  7042 | D:7      | Learned a level 3 spell: Confusing Touch
  7063 | D:7      | Reached ** piety under Makhleb
  7786 | D:8      | Found Voatoan's Weapon Shoppe.
  7797 | D:8      | Noticed a two-headed ogre
  7804 | D:8      | Killed a two-headed ogre
  7805 | D:8      | Reached skill level 10 in Invocations
  7805 | D:8      | Reached XP level 10. HP: 76/79 MP: 15/17
  7807 | D:8      | Noticed Joseph
  7814 | D:8      | Killed Joseph
  8057 | D:8      | Noticed Grum
  8070 | D:8      | Killed Grum
  8071 | D:8      | Reached skill level 11 in Invocations
  8271 | D:8      | Found a basalt altar of Yredelemnul.
  8878 | D:9      | Noticed a white ugly thing
  8879 | D:9      | Noticed a skeletal warrior
  8881 | D:9      | Noticed a six-headed hydra
  8885 | D:9      | Killed a white ugly thing
  8886 | D:9      | Killed a six-headed hydra
  8887 | D:9      | Reached skill level 12 in Invocations
  8889 | D:9      | Killed a skeletal warrior
  8901 | D:9      | Identified Deecvim's Handbook of Supportive Sinister Arts
  8985 | D:9      | Reached *** piety under Makhleb
  9161 | D:9      | Noticed Gastronok
  9179 | D:9      | Gained mutation: You have a pair of small horns on your
                  | head. [potion of mutation]
  9179 | D:9      | Gained mutation: You possess an exceptional clarity of
                  | mind. [potion of mutation]
  9179 | D:9      | Gained mutation: You are agile. (Dex +2) [potion of
                  | mutation]
  9186 | D:9      | Killed Gastronok
  9187 | D:9      | Reached skill level 10 in Hexes
  9187 | D:9      | Reached skill level 13 in Invocations
  9187 | D:9      | Reached XP level 11. HP: 21/84 MP: 7/20
  9525 | D:9      | Found an opulent altar of Gozag.
  9525 | D:9      | Noticed a two-headed ogre
  9532 | D:9      | Killed a two-headed ogre
  9625 | D:9      | Noticed a two-headed ogre
  9634 | D:9      | Killed a two-headed ogre
 10214 | D:1      | Bought a jewelled trident for 238 gold pieces
 10214 | D:1      | Identified the +4 trident of Koyruus {protect, SInv} (You
                  | bought it in a shop on level 1 of the Dungeon)
 10368 | D:10     | Entered Level 10 of the Dungeon
 10439 | D:10     | Noticed Urug
 10597 | D:10     | Reached skill level 14 in Invocations
 10790 | D:10     | Reached skill level 1 in Long Blades
 10818 | D:10     | Killed Urug
 10969 | D:10     | Found a staircase to the Lair.
 11055 | D:10     | Found a blossoming altar of Fedhas.
 11356 | D:11     | Noticed a catoblepas
 11366 | D:11     | Killed a catoblepas
 11551 | D:11     | Reached **** piety under Makhleb
 11561 | D:11     | Reached skill level 5 in Long Blades
 11732 | D:11     | Gained mutation: When low on magic, you restore magic in
                  | place of health. [demonic ancestry]
 11732 | D:11     | Reached XP level 12. HP: 42/91 MP: 14/22
 12077 | D:11     | Found a staircase to the Orcish Mines.
 12144 | Lair:1   | Entered Level 1 of the Lair of Beasts
 12377 | Lair:1   | Found a dark tunnel.
 12385 | Volcano  | Entered a volcano
 12522 | Volcano  | Noticed a two-headed ogre
 12523 | Volcano  | Noticed a hell hog
 12528 | Volcano  | Killed a two-headed ogre
 12531 | Volcano  | Killed a hell hog
 12533 | Volcano  | Shot with an arrow by a centaur

Illustrated notes

Levels and vault maps discovered:
D:1:      dpeg_arrival_solitude, layout_rooms, serial_shops, shop_statue, shop
D:2:      cheibrodos_old_hovel, layout_loops_ring, minmay_box_of_dots,
          uniq_jessica
D:3:      layout_loops_ring, old_standard_altar, nemelex_dance_club_becter,
          overflow_temple_1_default, zin_purify, kennysheep_big_empty_room,
          uniq_sigmund, uniq_ijyb
D:4:      layout_rooms, kennysheep_slug_shrine, minmay_divided_ellipse
D:5:      wad_pebble_path, layout_basic, minmay_temple_entry_trees,
          serial_bayou_pond_e, nrook_uturn
D:6:      layout_layer_cave, grunt_dithmenos_smoke, lemuel_round_altar,
          uniq_edmund, uniq_duvessa
D:7:      layout_rooms, kennysheep_decorative_pillar
D:8:      layout_rooms, lemuel_doored_altar, serial_shops, shop_statue,
          uniq_joseph, uniq_grum
D:9:      layout_stronghold, lemuel_tele_altar, minmay_radiant, uniq_gastronok
D:10:     layout_irregular_city, fedhas_ov_isle_minmay, lair_entry_dummy,
          uniq_urug
D:11:     layout_rooms, orc_0_dummy, tgw_trog
Lair:1:   layout_regular_city, lightli_volcano_entry_magma_tube,
          serial_bayou_lagoon_b, grunt_megastairs_5
Volcano:  volcano_village

Skill      XL: |  1  2  3  4  5  6  7  8  9 10 11 12 |
---------------+-------------------------------------+-----
Evocations     | 4 5 6 7 |  7.0
Invocations    | 5 6 9 10 13 14 | 14.0
Fighting       | 4 7 |  7.0
Hexes          | 7 10 11 | 11.0
Long Blades    | 6 8 |  8.0
Armour         | |  1.7
Dodging        | |  0.8
Stealth        | |  0.8

Action                   |  1- 3 |  4- 6 |  7- 9 | 10-12 || total
-------------------------+-------+-------+-------+-------++-------
Melee: Club              |     7 |       |       |       ||     7
       Hand axe          |   139 |       |       |       ||   139
       Dagger            |       |   110 |    93 |       ||   203
       War axe           |       |       |   154 |    94 ||   248
       Kick              |       |       |    68 |    80 ||   148
       Headbutt          |       |       |       |    37 ||    37
       Demon blade       |       |       |       |   134 ||   134
Invok: Minor Destruction |       |       |    27 |   116 ||   143
Evoke: Wand              |    17 |    15 |    34 |    43 ||   109
       Piece from Xom's  |    12 |     9 |    23 |     1 ||    45
       Tin of tremorston |       |       |       |     3 ||     3
  Use: Scroll            |     2 |     3 |     2 |     9 ||    16
       Potion            |       |       |     4 |     2 ||     6
 Stab: Sleeping          |     2 |       |     3 |       ||     5
       Paralysed         |    13 |       |       |       ||    13
       Petrified         |       |       |    13 |       ||    13
       Confused          |       |       |     1 |       ||     1
       Petrifying        |       |       |     1 |       ||     1
Armor: Leather armour    |    87 |       |       |       ||    87
       Scale mail        |       |    78 |   240 |   222 ||   540
Dodge: Dodged            |   134 |    58 |   173 |   137 ||   502
       Rpst.: Demon blade |       |       |       |    16 ||    16

Table legend: (Time is in decaauts)
 A = Elapsed time spent in this place.
 B = Non-inter-level travel time spent in this place.
 C = Inter-level travel time spent in this place.
 D = Time resting spent in this place.
 E = Time spent auto-exploring this place.
 F = Levels seen in this place.
 G = Mean time per level.
                   A        B        C        D        E       F      G
               +--------+--------+--------+--------+--------+-----+--------+
         Total |  12741 |  11806 |    935 |     41 |   9677 |  13 |  980.1 |
       Dungeon |  12355 |  11438 |    917 |      0 |   9484 |  11 | 1123.2 |
          Lair |    239 |    221 |     18 |      0 |    134 |   1 |  239.0 |
       Volcano |    147 |    147 |      0 |     41 |     59 |   1 |  147.0 |
               +--------+--------+--------+--------+--------+-----+--------+

Top non-repeatable levels by time:
     D:6: 1616 daAuts
     D:9: 1590 daAuts
     D:3: 1402 daAuts
     D:2: 1192 daAuts
     D:4: 1125 daAuts
     D:5: 1081 daAuts
    D:10: 942 daAuts
     D:8: 923 daAuts
     D:7: 892 daAuts
    D:11: 813 daAuts
     D:1: 774 daAuts
  Lair:1: 239 daAuts
 Volcano: 147 daAuts
